 Dungeon Crawl Stone Soup version 0.31-a0-799-g6bc09d010c (webtiles) character file.

Game seed: 6978393402813512151

200 Shayle the Vexing (level 5, 0/50 HPs)
             Began as an Ogre Hexslinger on Sept 20, 2023.
             Slain by an orc
             ... wielding a +0 dagger
              (3 damage)
             ... on level 2 of the Dungeon.
             The game lasted 00:04:53 (2579 turns).

Shayle the Vexing (Ogre Hexslinger)                 Turns: 2579, Time: 00:04:54

Health: 0/50       AC:  3    Str: 11    XL:     5   Next: 78%
Magic:  9/9        EV: 10    Int: 15    God:
Gold:   168        SH:  0    Dex: 15    Spells: 9/9 levels left

rFire   . . .        a - +1 sling
rCold   . . .        (no shield)
rNeg    . . .        c - +0 robe
rPois   .            (helmet restricted)
rElec   .            (no cloak)
rCorr   .            (gloves unavailable)
SInv    .            (boots unavailable)
Will    .....        (no amulet)
Stlth   +            (no ring)
HPRegen 0.28/turn    (no ring)
MPRegen 0.11/turn

%: no passive effects
@: mighty
A: large, unfitting armour, tough skin 1, hooves 1, agile 1, sense surroundings
1
a: no special abilities


You were on level 2 of the Dungeon.
You visited 1 branch of the dungeon, and saw 3 of its levels.

You collected 168 gold pieces.

Inventory:

Hand Weapons
 a - a +1 sling (weapon)
 h - a +2 short sword of speed
 p - a +2 dagger of protection
Armour
 c - a +0 robe (worn)
Jewellery
 l - an amulet of faith
Wands
 o - a wand of mindburst (8)
Scrolls
 b - a scroll of poison
 d - a scroll of fog {unknown}
 e - 4 scrolls of identify {unknown}
 i - 4 scrolls of teleportation {unknown}
 j - a scroll of vulnerability {unknown}
 k - a scroll of amnesia {unknown}
 m - a scroll of immolation {unknown}
Potions
 f - 2 potions of mutation
 n - a potion of degeneration {unknown}


   Skills:
 + Level 2.5 Fighting
 * Level 2.4 Ranged Weapons
 + Level 2.3 Dodging
 * Level 2.9 Spellcasting
 * Level 3.5 Hexes
 + Level 1.7 Fire Magic


You had 9 spell levels left.
You didn't know any spells.
Your spell library contained the following spells:

 Spells                   Type           Power      Damage    Failure   Level
 Jinxbite                 Hex            24%        N/A       7%          2
 Sigil of Binding         Hex            12%        N/A       14%         3
 Sandblast                Erth           4%         2d4       21%         1
 Inner Flame              Hex/Fire       10%        N/A       21%         3
 Passwall                 Tmut/Erth      1%         N/A       30%         2
 Cause Fear               Hex            6%         N/A       43%         4
 Call Canine Familiar     Summ           2%         N/A       52%         3
 Stone Arrow              Conj/Erth      4%         3d7       52%         3
 Dimensional Bullseye     Hex/Tloc       3%         N/A       67%         4
 Leda's Liquefaction      Hex/Erth       3%         N/A       67%         4
 Brom's Barrelling Bould  Conj/Erth      2%         2d3       90%         4


Dungeon Overview and Level Annotations

Branches:
Dungeon (3/15)

Altars:


Innate Abilities, Weirdness & Mutations

You are too large for most types of armour.
You have tough skin. (AC +1)
You have large cloven feet.
You are agile. (Dex +4, Str/Int -1)
You passively map a small area around you.


Message History

The sling bullet closely misses the orc.
The orc hits you with a +0 dagger.
* * * LOW HITPOINT WARNING * * *
The orc hits you but does no damage.
Unknown command.
You shoot a sling bullet.
The sling bullet hits the orc but does no damage.
The orc is almost dead.
The orc hits you with a +0 dagger.
* * * LOW HITPOINT WARNING * * *
Unknown command.
You shoot a sling bullet.
The sling bullet hits the orc but does no damage.
The orc is almost dead.
The orc hits you with a +0 dagger.
* * * LOW HITPOINT WARNING * * *
Unknown command.
You shoot a sling bullet. The sling bullet barely misses the orc.
The orc hits you with a +0 dagger.
* * * LOW HITPOINT WARNING * * *
You shoot a sling bullet.
The sling bullet hits the orc but does no damage.
The orc is almost dead.
The orc hits you but does no damage. The orc hits you with a +0 dagger.
* * * LOW HITPOINT WARNING * * *
It was a potion of mutation.
You feel extremely strange.
Your feet thicken and deform.
You feel a strange attunement to the structure of the dungeons.
You feel agile. The orc barely misses you.
It was a potion of might.
You feel very mighty all of a sudden. The orc closely misses you.
You shoot a sling bullet. The sling bullet barely misses the orc.
The orc hits you with a +0 dagger.
* * * LOW HITPOINT WARNING * * *
You shoot a sling bullet.
The sling bullet closely misses the orc.
The orc hits you with a +0 dagger.
You die...

### #.#.....# #.......###.# .(#
#.##....# #.......# #.. #.#
#.##....# #....#..# ### #.#
#.......# ######.##### # #.#
####...## #.....##.## # #.# #...#
#.##.##.#.######
#.#######...######.####.#.#.##...
..##.............#.###.#.#.#.##..
†......<........@..##.#.###.#.##.
.###...........o>###.#.##.##.#.##
.# ####.#...#.#####.#.##.#.##.#.#
.# #.#...#.# ##.#.##.#.#.##.#. .#
#.......###.#.##.#.#.#.##.# .#
#.#.....##.#.##.#.##).#.##. .#
###.......#.#.##.#.##..#.##.# .#
#......#.#.#.##.#.##..#.##.#.
#####.#.####....##(#.##.#).##.#.#


You could see an orc.

Vanquished Creatures
  A jelly (D:3)
  An orc priest (D:3)
  Natasha (twice) (D:2)
  4 adders
  A worm (D:2)
  2 orcs
  5 endoplasms
  3 giant cockroaches (D:1)
  5 goblins
  2 hobgoblins
  4 quokkas
  8 ball pythons
  4 bats
  A frilled lizard (D:2)
  4 kobolds
  8 rats
55 creatures vanquished.

Notes
Turn   | Place    | Note
-------+----------+-------------------------------------------
     0 | D:1      | Shayle the Ogre Hexslinger began the quest for the Orb.
     0 | D:1      | Reached XP level 1. HP: 19/19 MP: 2/2
    81 | D:1      | Reached skill level 1 in Fire Magic
    83 | D:1      | Reached XP level 2. HP: 27/27 MP: 2/4
   556 | D:1      | Reached skill level 3 in Hexes
   859 | D:2      | Reached XP level 3. HP: 35/35 MP: 5/5
   908 | D:2      | Noticed Natasha
   917 | D:2      | Killed Natasha
  1289 | D:2      | Reached XP level 4. HP: 42/42 MP: 7/7
  1542 | D:2      | Identified the +6 hand axe of the Original Sin {spect,
                  | Contam rElec rN+ SInv}
  1552 | D:2      | Noticed Natasha
  1560 | D:2      | Killed Natasha
  1962 | D:3      | Reached XP level 5. HP: 49/49 MP: 8/8
  2576 | D:2      | Gained mutation: You have large cloven feet. [potion of
                  | mutation]
  2576 | D:2      | Gained mutation: You passively map a small area around you.
                  | [potion of mutation]
  2576 | D:2      | Gained mutation: You are agile. (Dex +4, Str/Int -1)
                  | [potion of mutation]
  2578 | D:2      | HP: 2/50 [orc/+0 dagger (1)]
  2579 | D:2      | Slain by an orc

Illustrated notes

Levels and vault maps discovered:
D:1:      sevenhm_arrival_forest_fort_small_3, layout_basic, serial_bayou_pond_c
D:2:      minmay_inner_zag, layout_loops_cross, uniq_natasha
D:3:      layout_rooms

Skill      XL: |  1  2  3  4 |
---------------+-------------+-----
Fire Magic     | 1 |  1.7
Hexes          | 3 |  3.5
Dodging        | 2 |  2.3
Spellcasting   | 2 |  2.9
Fighting       | 2 |  2.5
Ranged Weapons | 2 |  2.4

Action                     |  1- 3 |  4- 6 || total
---------------------------+-------+-------++-------
   Fire: Sling             |   110 |   118 ||   228
    Use: Potion            |       |     2 ||     2
 Armour: Robe              |    50 |    65 ||   115
  Dodge: Dodged            |    44 |    45 ||    89

Table legend: (Time is in decaauts)
 A = Elapsed time spent in this place.
 B = Non-inter-level travel time spent in this place.
 C = Inter-level travel time spent in this place.
 D = Time resting spent in this place.
 E = Time spent auto-exploring this place.
 F = Levels seen in this place.
 G = Mean time per level.
                   A        B        C        D        E       F      G
               +--------+--------+--------+--------+--------+-----+--------+
         Total |   2649 |   2527 |    122 |    272 |   1698 |   3 |  883.0 |
       Dungeon |   2649 |   2527 |    122 |    272 |   1698 |   3 |  883.0 |
               +--------+--------+--------+--------+--------+-----+--------+

Top non-repeatable levels by time:
     D:2: 1251 daAuts
     D:1: 879 daAuts
     D:3: 519 daAuts
